 Dungeon Crawl Stone Soup version 0.30-a0-46-g5a63ccc183 (webtiles) character file.

Game seed: 16322729818062042298

158 LnG the Chopper (level 5, -8/47 HPs)
             Began as a Hill Orc Fighter on Sept 1, 2022.
             Mangled by an ogre
             ... wielding a +0 giant spiked club
              (32 damage)
             ... on level 4 of the Dungeon.
             The game lasted 00:07:15 (3737 turns).

LnG the Chopper (Hill Orc Fighter)                  Turns: 3737, Time: 00:07:16

Health: -8/47      AC: 13    Str: 21    XL:     5   Next: 39%
Magic:  5/5        EV:  9    Int:  8    God:
Gold:   213        SH:  5    Dex: 10    Spells: 4/4 levels left

rFire   . . .      SeeInvis .    a - +0 war axe
rCold   . . .      Faith    .    c - +1 buckler
rNeg    . . .      Spirit   .    b - +0 scale mail
rPois   .          Reflect  .    d - +2 helmet
rElec   .          Harm     .    (no cloak)
rCorr   .          Rampage  .    g - +2 pair of gloves
Will    .....                    (no boots)
Stlth   ..........               (no amulet)
HPRegen 0.15/turn                (no ring)
MPRegen 0.09/turn                (no ring)

@: lethally poisoned (-8 -> -13)
A: no striking features
a: no special abilities


You were on level 4 of the Dungeon.
You visited 1 branch of the dungeon, and saw 4 of its levels.

You collected 213 gold pieces.

Inventory:

Hand Weapons
 a - a +0 war axe (weapon)
Armour
 b - a +0 scale mail (worn)
 c - a +1 buckler (worn)
 d - a +2 helmet (worn)
 g - a +2 pair of gloves (worn)
Scrolls
 l - a scroll of acquirement {unknown}
Potions
 f - a potion of invisibility {unknown}
 h - a potion of mutation {unknown}
 i - a potion of curing {unknown}
 k - 2 potions of resistance


   Skills:
 + Level 4.5 Fighting
 + Level 5.2 Axes
 + Level 4.1 Armour
 + Level 0.3 Dodging
 + Level 3.6 Shields


You had 4 spell levels left.
You didn't know any spells.
Your spell library contained the following spells:

 Spells                   Type           Power      Damage    Failure   Level
 Shock                    Conj/Air       0%         1d3       83%         1
 Scorch                   Fire           0%         2d5       92%         2
 Swiftness                Air            0%         N/A       99%         3
 Airstrike                Air            0%         2d(0-16)  100%        4
 Flame Wave               Conj/Fire      0%         2d4       100%        4
 Summon Cactus Giant      Summ           0%         N/A       100%        6


Dungeon Overview and Level Annotations

Branches:
Dungeon (4/15)
 Temple: D:4-7

Altars:


Message History

You hit the adder.
The adder is almost dead.
The adder bites you. The adder bites you but does no damage.
You miss the adder.
The adder is almost dead.
The adder bites you but does no damage.
You completely miss the adder.
The adder is almost dead.
The adder bites you but does no damage. The adder barely misses you.
You miss the adder.
The adder is almost dead.
The adder closely misses you. The adder bites you but does no damage.
You closely miss the adder.
The adder is almost dead.
The adder bites you but does no damage.
You closely miss the adder.
The adder is almost dead.
The adder closely misses you. The adder bites you but does no damage.
You hit the adder but do no damage.
The adder is almost dead.
The adder bites you but does no damage. x2
You barely miss the adder.
The adder is almost dead.
The adder barely misses you. x2
You barely miss the adder.
The adder is almost dead.
You hit the ogre. The ogre closely misses you. The adder bites you.
You completely miss the adder.
The adder is almost dead.
You barely miss the ogre. The adder bites you.
You are poisoned.
The adder poisons you!
The ogre hits you with a +0 giant spiked club!!
The adder barely misses you.
You miss the adder.
The adder is almost dead.
You hit the ogre.
You feel sick. The adder barely misses you.
The ogre hits you with a +0 giant spiked club!!
Ouch! That really hurt!
You die...

###...#
##..#
###.##
#...#.#+#
#.......###
..........#
.........#
......O<.+
.....?.@##
.......S#
........#
#.#.....# #
#.....#
#......
###..## ##.


You could see an ogre and an adder.

Vanquished Creatures
  An orc wizard (D:3)
  Robin (D:3)
  2 adders
  A worm (D:3)
  3 dart slugs (D:1)
  8 orcs (D:3)
  6 endoplasms
  3 giant cockroaches
  16 goblins
  12 hobgoblins
  3 quokkas
  6 ball pythons
  2 bats (D:1)
  4 frilled lizards
  7 kobolds
  6 rats
81 creatures vanquished.

Notes
Turn   | Place    | Note
-------+----------+-------------------------------------------
     0 | D:1      | LnG the Hill Orc Fighter began the quest for the Orb.
     0 | D:1      | Reached XP level 1. HP: 19/19 MP: 1/1
    82 | D:1      | Reached XP level 2. HP: 15/27 MP: 2/2
   337 | D:1      | Reached skill level 3 in Axes
   730 | D:1      | Reached XP level 3. HP: 27/33 MP: 3/3
  1492 | D:2      | Found a faded altar of an unknown god.
  1748 | D:2      | Reached XP level 4. HP: 33/41 MP: 4/4
  2105 | D:3      | Reached skill level 4 in Axes
  2659 | D:3      | Reached XP level 5. HP: 47/47 MP: 5/5
  2843 | D:3      | Noticed Robin
  2854 | D:3      | Killed Robin
  2855 | D:3      | Reached skill level 5 in Axes
  2963 | D:3      | You fall into a shaft and drop 1 floor!
  3364 | D:4      | Noticed an ogre
  3737 | D:4      | Mangled by an ogre

Illustrated notes

Levels and vault maps discovered:
D:1:      grunt_arrival_crossed_arrows, layout_basic,
          ebering_dispersal_statue_hall, fountainhead
D:2:      kennysheep_the_goblin_king, layout_basic,
          hellmonk_ecumenical_altar_crossroads, palyth_stone_intersect
D:3:      layout_basic, kennysheep_generic_room_6, uniq_robin
D:4:      nicolae_cairo_tiling_very_big, layout_cave_pools

Skill      XL: |  1  2  3  4  5 |
---------------+----------------+-----
Fighting       | 4 |  4.5
Axes           | 3 4 5 |  5.2
Armour         | 4 |  4.1
Dodging        | |  0.3
Shields        | |  3.6

Action                   |  1- 3 |  4- 6 || total
-------------------------+-------+-------++-------
Melee: War axe           |   123 |   115 ||   238
  Use: Scroll            |       |     8 ||     8
       Potion            |       |     1 ||     1
Armor: Scale mail        |    65 |    74 ||   139
Dodge: Dodged            |    44 |    55 ||    99
Block: Buckler           |    28 |    38 ||    66

Table legend: (Time is in decaauts)
 A = Elapsed time spent in this place.
 B = Non-inter-level travel time spent in this place.
 C = Inter-level travel time spent in this place.
 D = Time resting spent in this place.
 E = Time spent auto-exploring this place.
 F = Levels seen in this place.
 G = Mean time per level.
                   A        B        C        D        E       F      G
               +--------+--------+--------+--------+--------+-----+--------+
         Total |   3820 |   3740 |     80 |   1075 |   1829 |   4 |  955.0 |
       Dungeon |   3820 |   3740 |     80 |   1075 |   1829 |   4 |  955.0 |
               +--------+--------+--------+--------+--------+-----+--------+

Top non-repeatable levels by time:
     D:3: 1478 daAuts
     D:1: 1174 daAuts
     D:2: 976 daAuts
     D:4: 191 daAuts
